 Dungeon Crawl Stone Soup version 0.31-a0-426-g3a05650e59 (webtiles) character file.

Game seed: 2152205972417743075

2023 Gelion the Changeling (level 9, -5/62 HPs)
             Began as an Octopode Shapeshifter on July 30, 2023.
             Slain by a gnoll
             ... wielding a +0 halberd
             ... led by a gnoll sergeant
              (15 damage)
             ... on level 7 of the Dungeon on July 31, 2023.
             The game lasted 00:13:11 (6445 turns).

Gelion the Changeling (Octopode Shapeshifter)       Turns: 6445, Time: 00:13:11

Health: -5/62      AC:  1    Str: 14    XL:     9   Next: 23%
Magic:  18/18      EV: 13    Int: 15    God:
Gold:   378        SH:  0    Dex: 19    Spells: 8/8 levels left

rFire   . .          .
                       - Unarmed
rCold   + . .        (no shield)
rNeg    + + .        (helmet currently unavailable)
rPois   +            (no amulet)
rElec   +            i - ring of magical power
rCorr   +            m - ring of wizardry
SInv    +            (no ring)
Will    .....        u - ring of Jioz {Dex+2 SInv}
Stlth   +++          s - ring "Gistacon" {rN+ Int+5 Slay+6}
HPRegen 0.30/turn    B - ring "Qant" {rPois rN+}
MPRegen 0.16/turn    C - ring of Zumuoged {rElec rC+ Will- rCorr}
                     (no ring)

%: wizardry (x1)
@: beast-form
A: beast (slay +5), almost no armour, amphibious, 8 rings, camouflage 1,
gelatinous body 1, (nimble swimmer 1), tentacles
a: Begin Untransformation


You were on level 7 of the Dungeon.
You were a hulking beast.
You visited 2 branches of the dungeon, and saw 8 of its levels.

You collected 1381 gold pieces.
You spent 1003 gold pieces at shops.

Inventory:

Missiles
 k - 2 throwing nets
Armour
 l - a +0 hat
Jewellery
 e - a ring of resist corrosion
 i - a ring of magical power (left tentacle)
 m - a ring of wizardry (right tentacle)
 s - the ring "Gistacon" (on tentacle) {rN+ Int+5 Slay+6}
   (You acquired it on level 5 of the Dungeon)

   [ring of positive energy]

   Int:       It affects your intelligence (+5).
   Slay:      It affects your accuracy & damage with ranged weapons and melee
   (+6).
   rN:        It protects you from negative energy.
 u - the ring of Jioz (on tentacle) {Dex+2 SInv}
   (You acquired it on level 5 of the Dungeon)

   [ring of see invisible]

   Dex:       It affects your dexterity (+2).
   SInv:      It lets you see invisible.
 B - the ring "Qant" (on tentacle) {rPois rN+}
   (You bought it in a shop on level 2 of the Dungeon)

   [ring of poison resistance]

   rPois:     It protects you from poison.
   rN:        It protects you from negative energy.
 C - the ring of Zumuoged (on tentacle) {rElec rC+ Will- rCorr}
   (You bought it in a shop on level 2 of the Dungeon)

   [ring of resist corrosion]

   rC:        It protects you from cold.
   rElec:     It insulates you from electricity.
   rCorr:     It protects you from acid and corrosion.
   Will:      It decreases your willpower.
Talismans
 b - a beast talisman (active)
Wands
 n - a wand of mindburst (18)
 o - a wand of flame (14)
Scrolls
 h - 2 scrolls of teleportation
 r - a scroll of enchant weapon
 x - a scroll of blinking
 y - a scroll of summoning
Potions
 a - 3 potions of lignification
 c - 4 potions of curing
 d - 2 potions of heal wounds
 f - a potion of invisibility
 g - 4 potions of attraction
 j - a potion of cancellation
 p - a potion of enlightenment
 q - a potion of resistance
 t - a potion of magic
 v - 2 potions of mutation
 w - a potion of might
 z - 2 potions of brilliance {unknown}
 A - a potion of ambrosia {unknown}


   Skills:
 + Level 5.8 Fighting
 - Level 2.0 Dodging
 + Level 6.6 Unarmed Combat
 * Level 7.7 Shapeshifting


You had 8 spell levels left.
You didn't know any spells.
Your spell library was empty.

Dungeon Overview and Level Annotations

Branches:
Dungeon (7/15)             Temple (1/1) D:5

Altars:
Cheibriados
Dithmenos
Elyvilon
Hepliaklqana
Kikubaaqudgha
Makhleb
Nemelex Xobeh
Okawaru
Qazlal
Ru
Sif Muna
Trog
Uskayaw
Vehumet
Wu Jian
Xom
Yredelemnul
Zin

Shops:
D:2 [=[:*   D:5 !


Innate Abilities, Weirdness & Mutations

You are a hulking beast.
Your limbs bulge with bestial killing power. (Slay +5)
You cannot wear most types of armour.
You are amphibious.
You can wear up to eight rings at the same time.
Your skin changes colour to match your surroundings (Stealth+).
Your rubbery body absorbs attacks. (AC +1, EV +1)
((You are camouflaged when in or above water. (Stealth+)))
You have tentacles for arms and can constrict up to eight enemies at once.


Message History

The gnoll completely misses you.
The gnoll sergeant hits you from afar with a +0 trident!
The kobold brigand closely misses you.
You climb upwards.
There is a stone staircase leading down here.
You barely miss the kobold brigand. Your grab misses the kobold brigand.
The kobold brigand hits you but does no damage.
You tentacle-slap the kobold brigand. Your grab misses the kobold brigand.
The kobold brigand is lightly wounded.
The kobold brigand closely misses you.
You bludgeon the kobold brigand! You grab the kobold brigand.
You tentacle-slap the kobold brigand, but do no damage.
The kobold brigand is severely wounded.
You constrict the kobold brigand.
The kobold brigand hits you with a +0 short sword!
You tentacle-slap the kobold brigand but do no damage.
The kobold brigand is almost dead.
You constrict the kobold brigand.
The kobold brigand hits you with a +0 short sword.
You bludgeon the kobold brigand!
You kill the kobold brigand!
Things that are here:
a +0 short sword; 2 poisoned darts You start resting.
HP restored.
There is a stone staircase leading down here.
You climb downwards.
The gnoll hits you with a +0 flail.
The gnoll hits you from afar with a +0 halberd!
The gnoll sergeant barely misses you. The gnoll hits you with a +0 flail.
The gnoll hits you from afar with a +0 halberd!
The gnoll shouts!
There is a stone staircase leading up, spattered with blood here.
You bludgeon the gnoll sergeant! Your grab misses the gnoll sergeant.
The gnoll sergeant is moderately wounded.
The gnoll barely misses you.
The gnoll hits you from afar with a +0 spear.
The gnoll sergeant hits you with a +0 trident!!
* * * LOW HITPOINT WARNING * * *
The gnoll hits you from afar with a +0 halberd!
You die...

#### # #...
.# .
#.g.##.##...
#...hg....##
##.#.g.....#
# #g#.###..
#.#.# ..# #
###


You could see a gnoll sergeant and 3 gnolls.

Vanquished Creatures
  Grinder (D:3)
  Prince Ribbit (D:5)
  An orc warrior (D:6)
  4 black bears
  An ice beast (D:7)
  An ogre (D:5)
  A phantom (D:5)
  A kobold brigand (D:6)
  Blork the orc (D:4)
  A gnoll sergeant (D:6)
  2 scorpions
  A wight (D:7)
  4 hounds
  A gnoll bouda (D:4)
  Ijyb (D:5)
  A sleepcap (D:6)
  2 orc wizards
  9 gnolls
  11 adders
  2 white imps
  An ufetubus (D:4)
  3 worms
  3 dart slugs
  17 orcs
  9 ball pythons
  6 endoplasms
  6 giant cockroaches
  6 goblins
  5 hobgoblins
  7 jackals
  11 kobolds
  7 quokkas
  3 bats
  A frilled lizard (D:2)
  6 rats
138 creatures vanquished.

Notes
Turn   | Place    | Note
-------+----------+-------------------------------------------
     0 | D:1      | Gelion the Octopode Shapeshifter began the quest for the
                  | Orb.
     0 | D:1      | Reached XP level 1. HP: 13/13 MP: 1/1
    48 | D:1      | Noticed a great orb of eyes
    49 | D:1      | Found a faded altar of an unknown god.
    56 | D:1      | Noticed a great orb of eyes
    56 | D:1      | Noticed a floating eye
    56 | D:1      | Noticed an eye of devastation
   113 | D:1      | Reached XP level 2. HP: 14/18 MP: 2/2
   608 | D:2      | Reached XP level 3. HP: 16/23 MP: 3/3
   953 | D:2      | Reached XP level 4. HP: 27/29 MP: 4/4
   984 | D:2      | Found Anefeg's General Store.
   991 | D:2      | Bought a scroll of identify for 26 gold pieces
   991 | D:2      | Bought a scroll of identify for 26 gold pieces
   998 | D:2      | Found Giwken's Jewellery Shoppe.
   998 | D:2      | Found Tiheunu's Antique Armour Boutique.
  1014 | D:2      | Found Teugal's Book Emporium.
  1310 | D:2      | Reached skill level 4 in Shapeshifting
  1311 | D:2      | Reached XP level 5. HP: 11/35 MP: 5/5
  1470 | D:2      | Found Utzaid Wubef's Antique Armour Boutique.
  1632 | D:3      | Found a glowing silver altar of Zin.
  1632 | D:3      | Noticed an angel
  1893 | D:3      | Noticed Grinder
  1898 | D:3      | Killed Grinder
  1899 | D:3      | Reached XP level 6. HP: 22/42 MP: 6/6
  2367 | D:3      | Found an ornate altar of the Wu Jian Council.
  2690 | D:3      | Reached skill level 5 in Shapeshifting
  2717 | D:4      | Noticed a black bear
  2725 | D:4      | Killed a black bear
  2726 | D:4      | Reached XP level 7. HP: 43/46 MP: 7/7
  2760 | D:4      | Found a large runed translucent door.
  2761 | D:4      | Found a large runed translucent door.
  3365 | D:4      | Reached skill level 5 in Unarmed Combat
  3488 | D:4      | Noticed Blork the orc
  3494 | D:4      | Found a shimmering blue altar of Sif Muna.
  3498 | D:4      | Killed Blork the orc
  3660 | D:4      | Found an iron altar of Okawaru.
  3672 | D:4      | Found a basalt altar of Yredelemnul.
  3700 | D:5      | Entered Level 5 of the Dungeon
  3700 | D:5      | Found Qoumy's Distillery.
  3730 | D:5      | Reached skill level 6 in Shapeshifting
  3730 | D:5      | Reached XP level 8. HP: 35/54 MP: 8/8
  3797 | D:5      | Found a radiant altar of Vehumet.
  3797 | D:5      | Found a hazy altar of Hepliaklqana.
  3904 | D:5      | Noticed Ijyb
  3911 | D:5      | Killed Ijyb
  4104 | D:5      | Found a shimmering altar of Xom.
  4187 | D:5      | Noticed Prince Ribbit
  4189 | D:5      | Found a staircase to the Ecumenical Temple.
  4198 | D:5      | Killed Prince Ribbit
  4383 | Temple   | Entered the Ecumenical Temple
  4538 | D:5      | Reached skill level 5 in Fighting
  4629 | D:5      | Found a burning altar of Makhleb.
  4856 | D:5      | Identified 2 scrolls of acquirement
  4857 | D:5      | Acquired the ring of Jioz {Dex+2 SInv}
  4860 | D:5      | Acquired the ring "Gistacon" {rN+ Int+5 Slay+6}
  4924 | D:6      | Reached skill level 7 in Shapeshifting
  5231 | D:6      | Reached XP level 9. HP: 20/61 MP: 9/9
  5982 | D:7      | Acquired 1018 gold pieces
  6157 | D:2      | Bought the ring "Qant" {rPois rN+} for 436 gold pieces
  6157 | D:2      | Bought the ring of Zumuoged {rElec rC+ Will- rCorr} for 515
                  | gold pieces
  6445 | D:7      | Slain by a gnoll

Illustrated notes

Levels and vault maps discovered:
D:1:      minmay_arrival_up_and_down, layout_basic,
          hellmonk_ecumenical_altar_watching_god
D:2:      minmay_skewed_foursquare, layout_basic, serial_shops, shop, shop,
          nicolae_shop_tiny_waterfront, shop,
          nicolae_shop_pleasant_corner_grove, minmay_statues_item
D:3:      layout_loops_corners, mainiacjoe_overflow_24_doors, zin_angel,
          uniq_grinder
D:4:      layout_loops_ring, tgw_sif, jmf_multi_god_temple2,
          kennysheep_generic_room_15
D:5:      layout_basic, mainiacjoe_overflow_chevrons, lightli_temple_of_fire,
          jmf_multi_god_temple, minmay_temple_entry_ruins, serial_shops,
          nicolae_shop_hallway_stairs, uniq_prince_ribbit1, uniq_ijyb
D:6:      layout_loops_ring
D:7:      layout_rooms, serial_shops, shop
Temple:   jpeg_temple_island

Skill      XL: |  1  2  3  4  5  6  7  8 |
---------------+-------------------------+-----
Fighting       | 2 3 4 5 |  5.8
Shapeshifting  | 4 5 6 7 |  7.7
Unarmed Combat | 4 5 6 |  6.6
Dodging        | |  2.0

Action                     |  1- 3 |  4- 6 |  7- 9 || total
---------------------------+-------+-------+-------++-------
  Melee: Unarmed           |    60 |    79 |   138 ||   277
         Constrict         |    16 |    22 |    40 ||    78
         Tentacles         |    12 |    17 |    27 ||    56
         Punch             |       |     2 |    16 ||    18
    Use: Scroll            |       |    13 |     9 ||    22
         Potion            |       |     1 |       ||     1
   Stab: Sleeping          |     4 |    12 |    10 ||    26
 Armour: Skin              |     9 |     1 |     3 ||    13
  Dodge: Dodged            |    30 |    41 |    69 ||   140

Table legend: (Time is in decaauts)
 A = Elapsed time spent in this place.
 B = Non-inter-level travel time spent in this place.
 C = Inter-level travel time spent in this place.
 D = Time resting spent in this place.
 E = Time spent auto-exploring this place.
 F = Levels seen in this place.
 G = Mean time per level.
                   A        B        C        D        E       F      G
               +--------+--------+--------+--------+--------+-----+--------+
         Total |   6421 |   5907 |    514 |    619 |   4466 |   8 |  802.6 |
       Dungeon |   6378 |   5905 |    473 |    619 |   4466 |   7 |  911.1 |
        Temple |     42 |      1 |     41 |      0 |      0 |   1 |   42.0 |
               +--------+--------+--------+--------+--------+-----+--------+

Top non-repeatable levels by time:
     D:6: 1219 daAuts
     D:5: 1153 daAuts
     D:3: 1139 daAuts
     D:2: 1122 daAuts
     D:4: 1067 daAuts
     D:1: 591 daAuts
     D:7: 84 daAuts
  Temple: 42 daAuts
